 Dungeon Crawl Stone Soup version 0.24.0-37-gcf1ca852f1 (webtiles) character file.

Game seed: 10943146582878983441, levelgen mode: deterministic

3187 Devinter the Magician (level 9, -3/74 HPs)
             Began as a Demigod Earth Elementalist on Dec 7, 2019.
             Slain by Harold
             ... wielding a +0 mace
              (12 damage)
             ... on level 8 of the Dungeon on Dec 8, 2019.
             The game lasted 01:08:45 (9001 turns).

Devinter the Magician (Demigod Earth Elementalist)  Turns: 9001, Time: 01:08:45

Health: -3/74      AC:  7    Str: 15    XL:     9   Next: 37%
Magic:  21/21      EV: 15    Int: 26    God:
Gold:   152        SH:  0    Dex: 16    Spells: 4/19 levels left

rFire    . . .     SeeInvis .   Q - +0 long sword
rCold    . . .     Gourm    .   (no shield)
rNeg     + . .     Faith    .   s - +2 robe {rN+}
rPois    .         Spirit   .   n - +0 helmet "Sukhor" {rElec rCorr Str-2 Int+7}
rElec    +         Reflect  .   i - +0 cloak
rCorr    +         Harm     .   m - +0 pair of gloves
MR       .....                  (no boots)
Stlth    ++........             W - amulet of magic regeneration
HPRegen  0.22/turn              K - ring of flight
MPRegen  0.42/turn              (no ring)

@: marked, studying Slings
A: high mp 1, mutation resistance 1
a: Evoke Flight


You were on level 8 of the Dungeon.
You were not hungry.

You visited 1 branch of the dungeon, and saw 8 of its levels.
You also visited: Sewer and Ossuary.

You collected 507 gold pieces.
You spent 355 gold pieces at shops.

Inventory:

Hand Weapons
 v - a +0 halberd
 z - a +0 whip of draining
 M - a +0 hand crossbow
 Q - a +0 long sword (weapon)
 S - a +0 morningstar
Missiles
 b - 67 stones
 h - 39 sling bullets
 o - 23 poisoned darts (quivered)
 r - 5 throwing nets
 t - 145 arrows
 J - 6 javelins
 L - 12 boomerangs
 O - 59 bolts
Armour
 i - a +0 cloak (worn)
 m - a +0 pair of gloves (worn)
 n - the +0 helmet "Sukhor" (worn) {rElec rCorr Str-2 Int+7}
   (You took it off Robin on level 3 of the Dungeon)

   It affects your strength (-2).
   It affects your intelligence (+7).
   It insulates you from electricity.
   It provides partial protection from all sources of acid and corrosion.
 s - a +2 robe of positive energy (worn)
 P - the +2 leather armour "Wiz Sevoi" {Stlth+}
   (You found it on level 8 of the Dungeon)

   It makes you more stealthy.
Magical Staves
 X - an uncursed staff of conjuration
Jewellery
 K - a ring of flight (left hand)
 W - an amulet of magic regeneration (around neck)
Wands
 g - a wand of polymorph (5)
 q - a wand of flame (14)
 D - a wand of iceblast (7)
 R - a wand of digging (4)
Scrolls
 f - 5 scrolls of teleportation
 l - 17 scrolls of identify
 x - 2 scrolls of fear {unknown}
 y - 5 scrolls of remove curse
 A - 2 scrolls of fog {unknown}
 E - 3 scrolls of noise {unknown}
 G - 3 scrolls of immolation
 H - a scroll of magic mapping {unknown}
 N - 2 scrolls of enchant weapon {unknown}
 U - a scroll of enchant armour {unknown}
 V - a scroll of vulnerability {unknown}
 Z - 2 scrolls of amnesia {unknown}
Potions
 a - 3 potions of might {unknown}
 c - 4 potions of lignification
 e - a potion of invisibility {unknown}
 j - 7 potions of curing {unknown}
 k - a potion of magic
 p - 5 potions of flight {unknown}
 u - 6 potions of degeneration {unknown}
 w - a potion of heal wounds
 B - a potion of haste {unknown}
 C - 2 potions of mutation
 F - a potion of cancellation
 I - a potion of resistance {unknown}
 Y - a potion of agility {unknown}
Books
 T - a manual of Slings
Comestibles
 d - 19 rations


   Skills:
 - Level 5.1 Fighting
 - Level 5.1 Dodging
 - Level 2.0 Stealth
 + Level 5.7 Spellcasting
 - Level 4.0 Conjurations
 - Level 2.0 Charms
 - Level 2.0 Transmutations
 + Level 4.2 Ice Magic
 - Level 5.0 Earth Magic


You had 4 spell levels left.
You knew the following spells:

 Your Spells              Type           Power        Failure   Level  Hunger
a - Sandblast             Erth           ####..       1%          1    None
b - Stone Arrow           Conj/Erth      ####..       3%          3    #......
c - Petrify               Tmut/Erth      ####....     17%         4    ###....
d - Throw Icicle          Conj/Ice       ####....     13%         4    ###....
e - Ozocubu's Armour      Chrm/Ice       ###.....     6%          3    #......

Your spell library contained the following spells:

 Spells                   Type           Power        Failure   Level  Hunger
 Freeze                   Ice            ####         1%          1    None
 Throw Frost              Conj/Ice       ####..       1%          2    None
 Passwall                 Tmut/Erth      ####....     2%          2    None
 Sting                    Conj/Pois      ###.         3%          1    None
 Animate Skeleton         Necr           N/A          7%          1    None
 Apportation              Tloc           #.....       7%          1    None
 Confusing Touch          Hex            #.....       7%          1    None
 Summon Small Mammal      Summ           #...         7%          1    None
 Poisonous Vapours        Pois/Air       #.....       11%         2    None
 Mephitic Cloud           Conj/Pois/Air  ##......     12%         3    #......
 Summon Ice Beast         Ice/Summ       ###.....     30%         4    ###....
 Olgreb's Toxic Radiance  Pois           #.......     56%         4    ###....
 Lee's Rapid Deconstruct  Erth           ####......   26%         5    #####..
 Venom Bolt               Conj/Pois      ###.......   65%         5    #####..


Dungeon Overview and Level Annotations

Branches:
Dungeon (8/15)             Temple (0/1) D:6           Sewer (visited)
Ossuary (visited)
   Lair: D:8-11

Shops:
D:5 }   D:6 }?[(

Annotations:
D:3 2 transporters
D:8 Harold


Innate Abilities, Weirdness & Mutations

You have an increased reservoir of magic. (+10% MP)
You are somewhat resistant to further mutation.


Message History

It was a potion of heal wounds.
You feel much better.
It was a potion of mutation.
You feel extremely strange.
You feel genetically stable. Harold hits you with a +0 mace!
* * * LOW HITPOINT WARNING * * *
It was a potion of cancellation.
Your magical effects are unravelling.
You feel magically purged.
Your icy armour evaporates.
Harold gestures at you while chanting. A sentinel's mark forms upon you.
Magic courses through your body. Harold hits you with a +0 mace!!
* * * LOW HITPOINT WARNING * * *
As you read the scroll labeled NAETREQOMU, it crumbles to dust.
You feel blessed for a moment.
It was a scroll of remove curse.
Harold hits you but does no damage.
As you read the scroll labeled TEJUIJIDAN, it crumbles to dust.
The creatures around you are filled with an inner flame!
It was a scroll of immolation.
Harold hits you with a +0 mace!
You die...

......#......#..#.........#
####..#......#..#.........#
..##..#......#..#.........#
..##..#......#..#.........#
...#..'......#..##..#####'#
..##..#......#..##'#####..#
'###..#......#............#
..#...#......#......^.....#
..')..#......#.@@.........#
..#...#......#........##..#
..#...#......#........##..#
..##..#......'............#
..##..#......#............#
..##..#......#..##....##..#
......#......#..##....##..#
......#......#...#........#
..#####......#...#...)....#


You could see Harold (inner flame).

Vanquished Creatures
  Maurice (D:8)
  A hippogriff (D:8)
  A hungry ghost (D:8)
  A sky beast (D:5)
  An ice beast (D:5)
  A hornet zombie (D:7)
  3 ogres
  2 centaurs
  3 bullfrogs
  2 scorpions
  4 killer bees (D:7)
  2 bullfrog zombies
  A hound (D:5)
  A jelly (D:5)
  A centaur zombie (Ossuary)
  6 crimson imps
  A centaur skeleton (D:8)
  2 bullfrog skeletons
  Jessica (D:2)
  2 worker ants (D:8)
  Natasha (thrice) (D:2)
  An iguana (D:5)
  6 orc wizards
  A big kobold zombie (Ossuary)
  A hound zombie (D:6)
  A hound skeleton (D:4)
  5 mummies (Ossuary)
  A howler monkey zombie (D:8)
  A worker ant zombie (D:8)
  Robin (D:3)
  3 gnolls (D:2)
  A howler monkey skeleton (D:3)
  13 adders
  3 shadow imps
  16 oozes
  2 adder zombies
  6 worms
  2 dart slugs
  14 leopard geckos
  13 orcs
  6 ball pythons (Sewer)
  12 giant cockroaches
  22 goblins
  5 hobgoblins
  9 jackals
  3 kobolds
  A quokka (D:8)
  5 bats
  22 frilled lizards
  3 gnoll zombies (Ossuary)
  A hobgoblin zombie (Ossuary)
  2 orc zombies (Ossuary)
  A quokka skeleton (D:5)
  15 rats
238 creatures vanquished.

Vanquished Creatures (others)
  An orc wizard (D:8)
1 creature vanquished.

Grand Total: 239 creatures vanquished

Notes
Turn   | Place    | Note
-------+----------+-------------------------------------------
     0 | D:1      | Devinter the Demigod Earth Elementalist began the quest for
                  | the Orb.
     0 | D:1      | Reached XP level 1. HP: 14/14 MP: 5/5
    62 | D:1      | Reached skill level 2 in Dodging
    62 | D:1      | Reached skill level 2 in Stealth
   252 | D:1      | Reached skill level 2 in Spellcasting
   324 | D:1      | Reached skill level 3 in Earth Magic
   324 | D:1      | Reached XP level 2. HP: 17/20 MP: 4/7
   549 | D:2      | Reached XP level 3. HP: 26/26 MP: 5/8
   569 | D:2      | Noticed Natasha
   575 | D:2      | Learned a level 3 spell: Stone Arrow
   586 | D:2      | Killed Natasha
   717 | D:2      | Noticed Natasha
   944 | D:2      | Reached skill level 1 in Conjurations
   953 | D:2      | Reached skill level 4 in Earth Magic
  1235 | D:1      | Reached XP level 4. HP: 30/33 MP: 9/9
  1299 | D:2      | Noticed Jessica
  1300 | D:2      | Killed Jessica
  1300 | D:2      | Reached skill level 2 in Conjurations
  1359 | D:2      | Found a shattered altar of Ashenzari.
  1721 | D:2      | Killed Natasha
  1721 | D:2      | Reached skill level 1 in Fighting
  1721 | D:2      | Reached XP level 5. HP: 38/40 MP: 3/11
  1854 | D:2      | Found a blossoming altar of Fedhas.
  1911 | D:2      | Noticed Natasha
  1915 | D:2      | Killed Natasha
  1915 | D:2      | Reached skill level 3 in Conjurations
  2243 | D:3      | Identified the +0 helmet "Sukhor" {rElec rCorr Str-2 Int+7}
  2243 | D:3      | Noticed Robin
  2269 | D:3      | Killed Robin
  2462 | D:3      | Reached skill level 2 in Fighting
  2462 | D:3      | Reached XP level 6. HP: 47/48 MP: 7/13
  2515 | D:3      | Learned a level 4 spell: Petrify
  2596 | D:3      | Found an ornate altar of the Wu Jian Council.
  2596 | D:3      | Noticed a hippogriff
  2602 | D:3      | Found a transporter.
  2609 | D:3      | Found a transporter.
  2737 | D:3      | Found an opulent altar of Gozag.
  2938 | D:4      | Found a sand-covered staircase.
  2951 | Ossuary  | Entered an ossuary
  2981 | Ossuary  | Reached skill level 1 in Transmutations
  2993 | Ossuary  | Reached skill level 3 in Spellcasting
  3340 | D:4      | Reached skill level 2 in Transmutations
  3374 | D:4      | Found an ancient bone altar of Kikubaaqudgha.
  3636 | D:4      | Found a bloodstained altar of Trog.
  3757 | D:5      | Entered Level 5 of the Dungeon
  3830 | D:5      | Reached skill level 4 in Conjurations
  3851 | D:5      | Reached XP level 7. HP: 45/55 MP: 8/15
  3885 | D:5      | Found Maniotiss's Gadget Shop.
  3978 | D:5      | Found a glowing drain.
  3983 | Sewer    | Entered a sewer
  4497 | D:5      | Reached skill level 4 in Spellcasting
  4613 | D:5      | Reached skill level 3 in Fighting
  4613 | D:5      | Reached skill level 3 in Dodging
  5019 | D:5      | Reached XP level 8. HP: 60/63 MP: 7/18
  5035 | D:5      | Reached skill level 5 in Earth Magic
  5187 | D:6      | Found Vymiadoolu's Gadget Boutique.
  5245 | D:6      | Found Mainuul's Weapon Shop.
  5252 | D:6      | Bought 17 stones for 22 gold pieces
  5252 | D:6      | Bought 24 stones for 31 gold pieces
  5276 | D:6      | Found a staircase to the Ecumenical Temple.
  5513 | D:6      | Learned a level 4 spell: Throw Icicle
  5517 | D:6      | Learned a level 3 spell: Ozocubu's Armour
  5621 | D:6      | Reached skill level 4 in Dodging
  5842 | D:6      | Reached skill level 4 in Fighting
  5888 | D:6      | Found Ocvuarav's Armour Shop.
  5891 | D:6      | Bought a +2 hat for 224 gold pieces
  5913 | D:6      | Found Saerumas's Magic Scroll Emporium.
  5929 | D:6      | Bought a scroll of random uselessness for 13 gold pieces
  5929 | D:6      | Bought a scroll of teleportation for 39 gold pieces
  5929 | D:6      | Bought a scroll of identify for 26 gold pieces
  6234 | D:7      | Reached skill level 1 in Ice Magic
  6523 | D:7      | Reached skill level 5 in Spellcasting
  6674 | D:7      | Found a glowing golden altar of the Shining One.
  6730 | D:7      | Reached skill level 2 in Ice Magic
  6747 | D:7      | Found a snail-covered altar of Cheibriados.
  7612 | D:8      | Noticed Maurice
  7630 | D:8      | Killed Maurice
  7630 | D:8      | Reached skill level 5 in Fighting
  7630 | D:8      | Reached skill level 5 in Dodging
  7630 | D:8      | Reached skill level 1 in Charms
  7630 | D:8      | Reached skill level 3 in Ice Magic
  7630 | D:8      | Reached XP level 9. HP: 50/74 MP: 6/20
  7898 | D:8      | Reached skill level 2 in Charms
  8124 | D:8      | Got a brightly glowing leather armour
  8125 | D:8      | Identified the +2 leather armour "Wiz Sevoi" {Stlth+} (You
                  | found it on level 8 of the Dungeon)
  8169 | D:8      | Noticed Harold
  8194 | D:8      | Reached skill level 4 in Ice Magic
  8997 | D:8      | Gained mutation: You are somewhat resistant to further
                  | mutation. [potion of mutation]
  9001 | D:8      | Slain by Harold

Levels and vault maps discovered:
D:1:      minmay_arrival_semitransparent, layout_basic,
          kennysheep_decorative_pillar, minmay_misc_feat_tiny
D:2:      layout_rooms, marbit_many_paths, fedhas_altar_4, uniq_natasha,
          uniq_jessica
D:3:      layout_rooms, lemuel_doored_altar, gammafunk_temple_overflow_arena,
          first_ration, minmay_cupped, uniq_robin
D:4:      layout_rooms, lightli_temple_of_fire, kiku_gazebo_pond_becter,
          lightli_ossuary_entry_decrepit_ruins, kennysheep_another_room
D:5:      minmay_opposing_rooms, layout_basic, portal_sewer_entry_e,
          serial_shops, shop_statue
D:6:      layout_loops_ring, minmay_temple_entry_grid, serial_shops,
          shop_fountains, nicolae_shop_trees, kennysheep_mini_moat, shop_statue,
          minmay_misc_feat_iff
D:7:      layout_gridville, old_standard_altar, nicolae_tso_carved_into_rock,
          chequers_arboretum, grunt_ogre_cave
D:8:      layout_gridville, nicolae_overflow_crystal_walls,
          nemelex_xobeh_ov_fountains_minmay, minmay_manual_mail, uniq_maurice,
          uniq_gastronok, uniq_harold, uniq_joseph

Skill      XL: |  1  2  3  4  5  6  7  8  9 |
---------------+----------------------------+-----
Dodging        | 2 3 5 |  5.1
Stealth        | 2 |  2.0
Spellcasting   | 2 3 4 5 |  5.7
Earth Magic    | 3 4 5 |  5.0
Conjurations   | 1 2 3 4 |  4.0
Fighting       | 1 2 3 5 |  5.1
Transmutations | 2 |  2.0
Ice Magic      | 3 4 |  4.2
Charms         | 1 2 |  2.0

Action                   |  1- 3 |  4- 6 |  7- 9 || total
-------------------------+-------+-------+-------++-------
Melee: Unarmed           |     5 |       |       ||     5
       Club              |    13 |    15 |       ||    28
       Dagger            |       |     4 |       ||     4
       Halberd           |       |    71 |    53 ||   124
       Whip              |       |     2 |     6 ||     8
       Battleaxe         |       |       |    12 ||    12
       Long sword        |       |       |    46 ||    46
       Staff             |       |       |     3 ||     3
Throw: Dart              |       |     9 |       ||     9
 Cast: Sandblast         |    42 |    99 |   164 ||   305
       Stone Arrow       |       |     7 |    38 ||    45
       Throw Icicle      |       |       |     6 ||     6
       Petrify           |       |       |     6 ||     6
       Ozocubu's Armour  |       |       |     3 ||     3
Evoke: Wand              |       |     6 |       ||     6
  Use: Scroll            |       |       |     7 ||     7
       Potion            |       |       |     6 ||     6
 Stab: Distracted        |       |     1 |       ||     1
       Sleeping          |       |       |     4 ||     4
       Petrified         |       |       |     8 ||     8
  Eat: Chunk             |       |     7 |     8 ||    15
       Ration            |       |     1 |     4 ||     5
Armor: Robe              |     4 |    49 |    61 ||   114
Dodge: Dodged            |    23 |   104 |   170 ||   297
       Rpst.: Long sword |       |       |    15 ||    15
